 Dungeon Crawl Stone Soup version 0.29-a0-364-g921d912d32 (webtiles) character file.

Game seed: 13923581449075250371

113 Artihs the Skirmisher (level 5, -15/42 HPs)
             Began as a Human Fighter on Apr 30, 2022.
             Demolished by Crazy Yiuf
             ... wielding a +2 quarterstaff of chaos
              (17 damage)
             ... on level 2 of the Dungeon.
             The game lasted 00:07:16 (2472 turns).

Artihs the Skirmisher (Human Fighter)               Turns: 2472, Time: 00:07:20

Health: -15/42     AC:  9    Str: 17    XL:     5   Next: 17%
Magic:  5/5        EV:  9    Int:  8    God:
Gold:   83         SH:  5    Dex: 14    Spells: 4/4 levels left

rFire   + . .      SeeInvis .   j - +0 mace
rCold   . . .      Faith    .   c - +0 buckler
rNeg    . . .      Spirit   .   d - +1 scale mail {rF+}
rPois   .          Reflect  .   l - +0 helmet
rElec   .          Harm     .   (no cloak)
rCorr   .          Rampage  .   (no gloves)
Will    .....                   (no boots)
Stlth   ..........              (no amulet)
HPRegen 0.14/turn               (no ring)
MPRegen 0.09/turn               (no ring)

@: lethally poisoned (-15 -> -32)
A: no striking features
a: no special abilities


You were on level 2 of the Dungeon.
You visited 1 branch of the dungeon, and saw 2 of its levels.

You collected 83 gold pieces.

Inventory:

Hand Weapons
 a - a +0 long sword
 j - a +0 mace (weapon)
 n - a +5 hand axe of electrocution
Armour
 b - a +0 scale mail
 c - a +0 buckler (worn)
 d - a +1 scale mail of fire resistance (worn)
 l - a +0 helmet (worn)
 r - a +0 plate armour
Jewellery
 o - a +4 ring of evasion
Scrolls
 e - a scroll of magic mapping {unknown}
 g - 2 scrolls of identify {unknown}
 i - 2 scrolls of fear {unknown}
 k - a scroll of teleportation {unknown}
 p - a scroll of enchant armour {unknown}
Potions
 f - a potion of berserk rage {unknown}
 h - a potion of mutation {unknown}
 m - a potion of ambrosia {unknown}
 q - a potion of brilliance {unknown}


   Skills:
 * Level 3.8 Fighting
 + Level 1.1(2.0) Short Blades
 + Level 2.5(2.7) Long Blades
 + Level 1.1 Maces & Flails
 + Level 3.3 Armour
 + Level 1.0 Dodging
 + Level 3.4 Shields


You had 4 spell levels left.
You didn't know any spells.
Your spell library contained the following spells:

 Spells                   Type           Power      Damage    Failure   Level
 Slow                     Hex            0%         N/A       88%         1
 Confusing Touch          Hex            0%         N/A       99%         3
 Vampiric Draining        Necr           0%         2d6       99%         3


Dungeon Overview and Level Annotations

Branches:
Dungeon (2/15)

Altars:

Annotations:
D:2 Crazy Yiuf


Message History

Crazy Yiuf hits you with a +2 quarterstaff of chaos.
You hit Crazy Yiuf.
Crazy Yiuf is moderately wounded.
Crazy Yiuf hits you with a +2 quarterstaff of chaos.
Crazy Yiuf draws strength from your wounds!
Crazy Yiuf hits you with a +2 quarterstaff of chaos.
Crazy Yiuf burns you.
You hit Crazy Yiuf.
Crazy Yiuf is moderately wounded.
Crazy Yiuf says, "I'm not crazy!"
You block Crazy Yiuf's attack.
You completely miss Crazy Yiuf.
Crazy Yiuf is moderately wounded.
You block Crazy Yiuf's attack. Crazy Yiuf barely misses you.
You barely miss Crazy Yiuf.
Crazy Yiuf is moderately wounded.
Crazy Yiuf hits you with a +2 quarterstaff of chaos.
You resist with some effort.
You hit Crazy Yiuf but do no damage.
Crazy Yiuf is moderately wounded.
Crazy Yiuf hits you with a +2 quarterstaff of chaos.
You hit Crazy Yiuf.
Crazy Yiuf is heavily wounded.
Crazy Yiuf closely misses you.
Crazy Yiuf hits you with a +2 quarterstaff of chaos!
You are lethally poisoned!
You are too injured to fight recklessly!
You are too injured to fight recklessly!
You are too injured to fight recklessly!
You are too injured to fight recklessly!
You are too injured to fight recklessly!
You are too injured to fight recklessly!
You thump Crazy Yiuf!
Crazy Yiuf is almost dead.
* * * LOW HITPOINT WARNING * * *
You feel extremely sick.
Crazy Yiuf hits you with a +2 quarterstaff of chaos.
* * * LOW HITPOINT WARNING * * *
Space warps horribly around you!
You die...

# # # # ♣♣♣♣♣## # ###
♣♣♣.♣...### #
#...#♣..♣......#######
#...g@♣♣♣♣......##....
###### #)..#♣♣
♣♣..#........ #....#
### ♣♣####.....#
##.#### ###.###.#
#.....# #...# #..
#..#### ###
######.#.###.# #..#
#.# #.##.#.#.....#
#..# #.#
#.##.#†....... #..#
#.# #....#..##.###


You could see Crazy Yiuf.

Vanquished Creatures
  Terence (D:2)
  6 adders (D:2)
  A worm (D:2)
  A dart slug (D:2)
  2 endoplasms (D:1)
  3 goblins
  3 hobgoblins
  6 kobolds
  A quokka (D:2)
  3 ball pythons
  4 bats
  3 frilled lizards (D:2)
  3 rats
37 creatures vanquished.

Notes
Turn   | Place    | Note
-------+----------+-------------------------------------------
     0 | D:1      | Artihs the Human Fighter began the quest for the Orb.
     0 | D:1      | Reached XP level 1. HP: 18/18 MP: 1/1
   238 | D:1      | Reached XP level 2. HP: 20/24 MP: 2/2
   365 | D:1      | Found a faded altar of an unknown god.
   934 | D:2      | Reached XP level 3. HP: 24/29 MP: 3/3
  1621 | D:2      | Reached XP level 4. HP: 30/35 MP: 4/4
  1623 | D:2      | Reached skill level 1 in Maces & Flails
  1647 | D:2      | Reached skill level 1 in Short Blades
  1750 | D:2      | Noticed Terence
  1759 | D:2      | Killed Terence
  1760 | D:2      | Reached skill level 1 in Dodging
  1760 | D:2      | Reached XP level 5. HP: 31/42 MP: 5/5
  1870 | D:2      | Found a runed translucent door.
  1871 | D:2      | Noticed Crazy Yiuf
  2472 | D:2      | HP: 2/42 [Crazy Yiuf/+2 quarterstaff of chaos (6)]
  2472 | D:2      | Demolished by Crazy Yiuf

Illustrated notes

Levels and vault maps discovered:
D:1:      sevenhm_arrival_forest_fort_large_2, layout_basic,
          shapermc_ecumenical_altar_totnotflames
D:2:      layout_loops_ring, st_stairs_11, uniq_crazy_yiuf_cottage, uniq_terence

Skill      XL: |  1  2  3  4 |
---------------+-------------+-----
Maces & Flails | 1 |  1.1
Short Blades   | 1 |  1.1
Dodging        | 1 |  1.0
Fighting       | |  3.8
Long Blades    | |  2.5
Armour         | |  3.3
Shields        | |  3.4

Action                   |  1- 3 |  4- 6 || total
-------------------------+-------+-------++-------
Melee: Long sword        |    43 |       ||    43
       Mace              |    28 |    64 ||    92
  Use: Potion            |       |     1 ||     1
Armor: Scale mail        |    42 |    30 ||    72
Dodge: Dodged            |    36 |    29 ||    65
Block: Buckler           |    22 |    27 ||    49

Table legend: (Time is in decaauts)
 A = Elapsed time spent in this place.
 B = Non-inter-level travel time spent in this place.
 C = Inter-level travel time spent in this place.
 D = Time resting spent in this place.
 E = Time spent auto-exploring this place.
 F = Levels seen in this place.
 G = Mean time per level.
                   A        B        C        D        E       F      G
               +--------+--------+--------+--------+--------+-----+--------+
         Total |   2522 |   2393 |    129 |    721 |   1344 |   2 | 1261.0 |
       Dungeon |   2522 |   2393 |    129 |    721 |   1344 |   2 | 1261.0 |
               +--------+--------+--------+--------+--------+-----+--------+

Top non-repeatable levels by time:
     D:2: 1594 daAuts
     D:1: 927 daAuts
